 Dungeon Crawl Stone Soup version 0.19.0-2-gae57169 (webtiles) character file.

20067 Pepeogr the Spear-Bearer (level 12, -2/104 HPs)
             Began as a Grey Draconian Fighter on Nov 7, 2016.
             Was a Believer of Hepliaklqana.
             Slain by a fire elemental (8 damage)
             ... on level 14 of the Dungeon.
             The game lasted 01:08:02 (12920 turns).

Pepeogr the Spear-Bearer (Grey Draconian Fighter)  Turns: 12920, Time: 01:08:03

Health: -2/104     AC: 19    Str: 25    XL:     12   Next: 42%
Magic:  12/12      EV: 18    Int: 13    God:    Hepliaklqana [**....]
Gold:   290        SH:  9    Dex: 12    Spells: 0 memorised, 11 levels left

rFire  . . .     SeeInvis .     a - +2 trident
rCold  . . .     Gourm    .     (armour unavailable)
rNeg   . . .     Faith    .     e - +1 buckler {AC+3}
rPois  +         Spirit   .     (helmet restricted)
rElec  .         Reflect  +     (no cloak)
rCorr  .         Harm     .     q - +2 pair of gloves
MR     .....                    (no boots)
Stlth  ++........               i - +2 amulet of reflection
                                c - +5 ring of intelligence
                                r - +5 ring of evasion

@: about to teleport
A: walk through water, unfitting armour, reduced essence, antennae 1, stinger 1,
poison resistance, robust 1, strong 1, unbreathing, cold-blooded, AC +13
a: Recall Ancestor, Ancestor Identity, Renounce Religion


You were on level 14 of the Dungeon.
You worshipped Hepliaklqana.
Hepliaklqana was pleased with you.
You were not hungry.

You visited 2 branches of the dungeon, and saw 14 of its levels.

You collected 580 gold pieces.
You spent 290 gold pieces at shops.

Inventory:

Hand Weapons
 a - a +2 trident (weapon)
 l - a +0 trident
 m - a +0 vampiric falchion
Armour
 b - a +0 shield
 e - a +1 buckler of protection (worn)
 q - a +2 pair of gloves (worn)
 A - a +0 pair of gloves
Jewellery
 c - a +5 ring of intelligence (right hand)
 d - an uncursed ring of wizardry
 i - a +2 amulet of reflection (around neck)
 r - a +5 ring of evasion (left hand)
 y - a cursed amulet of inaccuracy
Wands
 f - a wand of paralysis (17/24)
 p - a wand of paralysis (20/24)
 t - a wand of acid (6/15)
Scrolls
 g - a scroll of immolation
 h - a scroll of torment
 n - 2 scrolls of remove curse
 o - 3 scrolls of identify
 s - 2 scrolls of magic mapping
 v - a scroll of vulnerability
 B - a scroll of acquirement {unknown}
Potions
 j - a potion of degeneration
 k - 2 potions of curing
 C - a potion of haste {unknown}
Comestibles
 u - a beef jerky
 z - a bread ration


   Skills:
 + Level 9.2 Fighting
 * Level 14.9 Polearms
 + Level 1.0 Throwing
 - Level 3.9 Dodging
 + Level 4.0 Stealth
 * Level 10.6 Shields


You had 11 spell levels left.
You didn't know any spells.

Dungeon Overview and Level Annotations

Branches:
Dungeon (14/15)            Temple (1/1) D:7          Vaults (0/5) D:14
   Lair: D:8-11         Orc: D:9-12

Altars:
Ashenzari
Cheibriados
Dithmenos
Elyvilon
Fedhas
Gozag
Hepliaklqana
Kikubaaqudgha
Makhleb
Nemelex Xobeh
Okawaru
Qazlal
Ru
Sif Muna
Trog
Uskayaw
Vehumet
Xom
Yredelemnul
Zin
The Shining One

Shops:
D:4 (   D:5 ?   D:6 %   D:10 [   D:12 =   D:13 !   D:14 *


Innate Abilities, Weirdness & Mutations

You can walk through water.
Your dull iron-grey scales are very hard. (AC +13)
You cannot fit into any form of body armour.
You can survive without breathing.
You are cold-blooded and may be slowed by cold attacks.
Your life essence is reduced. (-10% HP)
You have a pair of small antennae on your head.
Your tail ends in a poisonous barb.
Your system is resistant to poisons. (rPois)
You are robust. (+10% HP)
Your muscles are strong. (Str +2)


Message History

The yak closely misses you.
You puncture the yak!
You kill the yak!
The fire elemental completely misses you.
The yak gores you but does no damage. The yak barely misses you.
You block the fire elemental's attack. The yak gores you but does no damage.
The yak completely misses you.
Things that are here:
an arrow; a yak corpse The fire elemental completely misses you.
The fire elemental closely misses you. You block the fire elemental's attack.
You block the yak's attack.
As you read the scroll of teleportation, it crumbles to dust.
You feel strangely unstable. You block the fire elemental's attack.
You block the yak's attack. The fire elemental closely misses you.
The yak is engulfed in roaring flames.
The yak is engulfed in roaring flames. x2; The fire elemental hits you.
The fire elemental burns you!
You die...

###############..########
#####
....(...>..<)............
.....
....†.*(.................
.....
.....Y(Y.....############
##### #.#########))# #..#
. #.(# ..##
#..########### ######
...≈§#####.§YYE@.......
......
≈.≈≈≈........[.........
......
#e≈§≈..................
......
..#≈§§.################
###### #§§§.. ≈≈§§§..
.#§≈#.. §§#.. #..


You could see 2 yaks and a fire elemental.

Vanquished Creatures
  A hydra (D:12)
  A vault guard (D:14)
  3 centaur warriors
  3 unseen horrors
  2 hill giants
  A deep elf mage (D:14)
  2 ugly things
  2 manticores
  5 cyclopes
  2 trolls (D:12)
  A meliai (D:13)
  3 hippogriffs
  The ghost of AAAAA the Sneak, an amateur OpWr of Makhleb (D:3)
  Prince Ribbit (D:7)
  A wyvern (D:12)
  A wraith (D:14)
  7 yaks
  A vampire mosquito (D:14)
  A hungry ghost (D:14)
  A basilisk (D:14)
  A mottled dragon (D:12)
  2 orc warriors (D:6)
  2 black bears
  2 ice beasts (D:10)
  2 phantoms (D:4)
  4 sky beasts
  4 ogres
  8 centaurs
  A crocodile (D:9)
  5 bullfrogs
  A gnoll sergeant (D:9)
  A wyvern zombie (D:10)
  3 wyvern skeletons
  2 scorpions (D:5)
  2 wights (D:12)
  6 killer bees
  2 crimson imps (D:12)
  4 hounds
  4 jellies
  8 orc priests
  A centaur skeleton (D:7)
  2 bullfrog skeletons
  An iguana (D:7)
  14 orc wizards
  8 worker ants
  3 gnolls (D:2)
  10 adders
  3 shadow imps
  An adder zombie (D:6)
  A worm (D:3)
  5 dart slugs
  4 leopard geckos
  31 orcs
  2 ball pythons
  3 giant cockroaches
  13 goblins
  6 hobgoblins
  8 jackals
  3 kobolds
  3 quokkas
  6 bats
  4 frilled lizards
  A quokka skeleton (D:6)
  6 rats
243 creatures vanquished.

Vanquished Creatures (collateral kills)
  A wizard (D:14)
  3 trolls
  A hornet (D:14)
  2 shadows (D:12)
  A basilisk (D:14)
  A yak (D:14)
  A water moccasin (D:13)
  A sky beast (D:12)
  2 orc warriors
  A phantom (D:13)
  An ogre (D:12)
  A crocodile (D:12)
  A killer bee (D:7)
  A wight (D:12)
  An orc wizard (D:13)
  An orc priest (D:12)
  A worker ant (D:12)
  An orc (D:12)
  A jackal zombie (D:7)
23 creatures vanquished.

Vanquished Creatures (others)
  A centaur (D:13)
  3 knights (D:14)
  6 ancestors
10 creatures vanquished.

Grand Total: 276 creatures vanquished

Notes
Turn   | Place    | Note
-------+----------+-------------------------------------------
     0 | D:1      | Pepeogr the Draconian Fighter began the quest for the Orb.
     0 | D:1      | Reached XP level 1. HP: 19/19 MP: 1/1
    79 | D:1      | Reached XP level 2. HP: 11/26 MP: 2/2
   887 | D:1      | Reached XP level 3. HP: 29/33 MP: 3/3
  1051 | D:2      | Reached skill level 3 in Polearms
  1309 | D:2      | Reached XP level 4. HP: 24/40 MP: 4/4
  1527 | D:2      | Reached skill level 4 in Polearms
  1573 | D:3      | Reached XP level 5. HP: 33/46 MP: 5/5
  1603 | D:3      | Noticed AAAAA's ghost (amateur OpWr)
  1611 | D:3      | Killed AAAAA's ghost
  1611 | D:3      | Reached skill level 5 in Polearms
  1611 | D:3      | Reached XP level 6. HP: 36/52 MP: 6/6
  2054 | D:3      | Reached skill level 6 in Polearms
  2106 | D:3      | Found a shattered altar of Ashenzari.
  2378 | D:4      | Your scales start taking on a dull iron-grey colour.
  2378 | D:4      | Reached XP level 7. HP: 33/59 MP: 7/7
  2378 | D:4      | Gained mutation: You can survive without breathing. [Grey Draconian growth]
  2678 | D:4      | Gained mutation: You are robust. (+10% HP) [potion of mutation]
  2678 | D:4      | Gained mutation: Your tail ends in a poisonous barb. [potion of mutation]
  2678 | D:4      | Gained mutation: Your system is resistant to poisons. (rPois) [potion of mutation]
  2688 | D:4      | Reached skill level 1 in Stealth
  3074 | D:4      | Reached skill level 7 in Polearms
  3420 | D:4      | Reached XP level 8. HP: 57/73 MP: 8/8
  3450 | D:4      | Found Genach's Antique Weapon Shop.
  3467 | D:4      | Found a snail-covered altar of Cheibriados.
  3467 | D:4      | Found a burning altar of Makhleb.
  3636 | D:4      | Reached skill level 8 in Polearms
  3757 | D:5      | Entered Level 5 of the Dungeon
  4116 | D:5      | Found Xiumnely's Magic Scroll Shoppe.
  4119 | D:5      | Bought a scroll of enchant weapon for 112 gold pieces
  4119 | D:5      | Bought a scroll of identify for 30 gold pieces
  4119 | D:5      | Bought a scroll of identify for 30 gold pieces
  4163 | D:5      | Reached skill level 9 in Polearms
  4638 | D:6      | Reached skill level 5 in Fighting
  4638 | D:6      | Reached skill level 5 in Shields
  5017 | D:6      | Reached XP level 9. HP: 77/81 MP: 9/9
  5038 | D:6      | Reached skill level 10 in Polearms
  5476 | D:6      | Found Famumoywu's Food Emporium.
  5482 | D:6      | Bought a bread ration for 60 gold pieces
  5609 | D:7      | Found a staircase to the Ecumenical Temple.
  5610 | D:7      | Noticed Prince Ribbit
  5640 | D:7      | Killed Prince Ribbit
  5817 | Temple   | Entered the Ecumenical Temple
  6052 | Temple   | Became a worshipper of Hepliaklqana the Forgotten
  6242 | D:7      | Noticed a cyclops
  6281 | D:7      | Reached skill level 1 in Throwing
  6564 | D:8      | You fall through a shaft for 2 floors!
  6564 | D:10     | Entered Level 10 of the Dungeon
  7160 | D:10     | Reached skill level 11 in Polearms
  7166 | D:10     | Found Fim Ifea's Antique Armour Emporium.
  7241 | D:10     | Noticed a hill giant
  7255 | D:10     | Killed a hill giant
  7358 | D:9      | Reached XP level 10. HP: 80/83 MP: 10/10
  7590 | D:9      | You fall through a shaft for 3 floors!
  7624 | D:12     | Noticed a four-headed hydra
  7640 | D:12     | Reached skill level 12 in Polearms
  7666 | D:12     | Noticed a cyclops
  7679 | D:12     | Killed a cyclops
  7712 | D:12     | Noticed a brown ugly thing
  7729 | D:12     | Killed a brown ugly thing
  7961 | D:12     | Reached * piety under Hepliaklqana
  8054 | D:12     | Noticed a cyclops
  8079 | D:12     | Killed a cyclops
  8361 | D:12     | Killed a four-headed hydra
  8492 | D:12     | Noticed a manticore
  8502 | D:12     | Killed a manticore
  8502 | D:12     | Reached skill level 13 in Polearms
  8734 | D:12     | Noticed a cyclops
  8751 | D:12     | Killed a cyclops
  8896 | D:12     | Found Nurex's Jewellery Boutique.
  8908 | D:12     | Noticed a cyclops
  8917 | D:12     | Killed a cyclops
  8917 | D:12     | Reached XP level 11. HP: 92/92 MP: 11/11
  8978 | D:12     | Noticed a centaur warrior
  9041 | D:12     | Killed a centaur warrior
  9487 | D:12     | Killed an unseen horror
 10120 | D:13     | Reached skill level 14 in Polearms
 10234 | D:13     | Killed an unseen horror
 10544 | D:13     | Found Irphotyme's Distillery.
 10554 | D:13     | Bought a potion of mutation for 30 gold pieces
 10554 | D:13     | Gained mutation: You have a pair of small antennae on your head. [potion of mutation]
 10554 | D:13     | Gained mutation: Your muscles are strong. (Str +2) [potion of mutation]
 11056 | D:13     | Noticed a centaur warrior
 11067 | D:13     | Killed a centaur warrior
 11649 | D:13     | Noticed a brown ugly thing
 11665 | D:13     | Killed a brown ugly thing
 11843 | D:14     | Noticed a hill giant
 11852 | D:14     | Killed a hill giant
 11852 | D:14     | Reached XP level 12. HP: 56/103 MP: 12/12
 12079 | D:14     | Reached ** piety under Hepliaklqana
 12080 | D:14     | Remembered your ancestor Djefatnebti as a knight
 12132 | D:14     | Found Benaerch's General Store.
 12143 | D:14     | Paralysed by a wizard for 3 turns
 12164 | D:14     | Bought a scroll of identify for 28 gold pieces
 12291 | D:14     | Found a gate to the Vaults.
 12291 | D:14     | Noticed a vault guard
 12291 | D:14     | Noticed a vault guard
 12291 | D:14     | Noticed a vault guard
 12291 | D:14     | Noticed a centaur warrior
 12291 | D:14     | Noticed a vault guard
 12529 | D:14     | Killed a vault guard
 12529 | D:14     | Reached skill level 10 in Shields
 12879 | D:14     | Killed a centaur warrior
 12911 | D:14     | HP: 4/104 [yak (4)]
 12920 | D:14     | Slain by a fire elemental

Skill      XL: |  1  2  3  4  5  6  7  8  9 10 11 12 |
---------------+-------------------------------------+-----
Dodging        | 3 |  3.9
Polearms       | 3 4 5 6 7 9 11 13 14 | 14.9
Fighting       | 4 5 6 7 8 9 |  9.2
Stealth        | 1 2 3 4 |  4.0
Shields        | 4 5 6 7 9 10 | 10.6
Throwing       | 1 |  1.0

Action                   |  1- 3 |  4- 6 |  7- 9 | 10-12 || total
-------------------------+-------+-------+-------+-------++-------
Melee: Trident           |   117 |   153 |   433 |   551 ||  1254
       Tailslap          |     9 |    22 |    59 |   101 ||   191
Throw: Throwing net      |       |       |     2 |       ||     2
Invok: Ancestor Identity |       |       |     2 |     2 ||     4
       Recall Ancestor   |       |       |       |     3 ||     3
       Ancestor Life: Kn |       |       |       |     1 ||     1
Evoke: Wand              |       |     3 |       |       ||     3
  Use: Scroll            |     2 |     1 |    14 |     9 ||    26
       Potion            |     1 |     4 |     5 |     5 ||    15
 Stab: Sleeping          |       |       |       |     1 ||     1
       Distracted        |       |       |       |     2 ||     2
  Eat: Bread ration      |     1 |       |     2 |     1 ||     4
       Beef jerky        |       |     1 |     2 |       ||     3
       Chunk             |       |       |     2 |       ||     2
       Meat ration       |       |       |     1 |     2 ||     3
       Pizza             |       |       |       |     1 ||     1
Armor: Skin              |    49 |    47 |   122 |   178 ||   396
Dodge: Dodged            |   106 |    82 |   172 |   313 ||   673
Block: Buckler           |     9 |    50 |   130 |   224 ||   413
       Reflection        |       |       |     7 |    21 ||    28
